 Dungeon Sprint DCSS version 0.31-a0-521-gc7390f8997 (webtiles) character file.

Game seed: 379633709374168956

56 rocky1 the Geomancer (level 6, -4/41 HPs)
             Began as a Demonspawn Earth Elementalist on Aug 11, 2023.
             Was an Initiate of Gozag.
             Slain by a troll (6 damage)
             ... in the Dungeon (Sprint VI: "Thunderdome").
             The game lasted 00:03:58 (338 turns).

rocky1 the Geomancer (Demonspawn Earth Elementalist) Turns: 338, Time: 00:03:59

Health: -4/41      AC:  4    Str: 11    XL:     6   Next: 22%
Magic:  15/15      EV: 13    Int: 15    God:    Gozag
Gold:   451        SH:  0    Dex: 14    Spells: 16/17 levels left

rFire   + . .        (no weapon)
rCold   + . .        (no shield)
rNeg    + + .        a - +0 robe
rPois   .            (no helmet)
rElec   +            (no cloak)
rCorr   .            (no gloves)
SInv    .            (no boots)
Will    +....        o - amulet "Ajuxu" {RegenMP rN+}
Stlth   +++          p - ring of the Furies {Wiz Contam rF+ rC+}
HPRegen 0.26/turn    n - ring of Hexaegoe {rElec rN+ Will+ Str+3 Int-3}
MPRegen 0.54/turn

%: no teleportation, wizardry (x1)
@: no status effects
A: yellow scales 1, powered by pain 1, demonic touch 1
a: Renounce Religion, Potion Petition, Call Merchant, Bribe Branch


You were in the Dungeon.
You worshipped Gozag.
Gozag was aware of your devotion.
You visited 1 branch You collected 811 gold pieces.
You spent 360 gold pieces at shops.

Inventory:

Armour
 a - a +0 robe (worn)
Jewellery
 m - the ring "Guskacut" {rElec rN+++ MP-9 EV+5 Str-5 Stlth+}
   (You bought it in a shop in the Dungeon)

   [ring of evasion]

   EV+5:      It affects your evasion (+5).
   Str-5:     It affects your strength (-5).
   rElec:     It insulates you from electricity.
   rN+++:     It renders you almost immune to negative energy.
   MP-9:      It affects your magic capacity (-9).
   Stlth+:    It makes you more stealthy.
 n - the ring of Hexaegoe (right hand) {rElec rN+ Will+ Str+3 Int-3}
   (You bought it in a shop in the Dungeon)

   [ring of positive energy]

   Str+3:     It affects your strength (+3).
   Int-3:     It affects your intelligence (-3).
   rElec:     It insulates you from electricity.
   rN+:       It protects you from negative energy.
   Will+:     It increases your willpower.
 o - the amulet "Ajuxu" (around neck) {RegenMP rN+}
   (You bought it in a shop in the Dungeon)

   [amulet of magic regeneration]

   RegenMP:   It increases your rate of magic regeneration.
   rN+:       It protects you from negative energy.
 p - the ring of the Furies (left hand) {Wiz Contam rF+ rC+}
   (You bought it in a shop in the Dungeon)

   [ring of wizardry]

   Wiz:       It improves your spell success rate.
   rF+:       It protects you from fire.
   rC+:       It protects you from cold.
   Contam:    It causes magical contamination when unequipped.
 q - the ring "Deasois" {rF- rCorr Int-2 Dex+7 Slay+4}
   (You bought it in a shop in the Dungeon)

   [ring of resist corrosion]

   Int-2:     It affects your intelligence (-2).
   Dex+7:     It affects your dexterity (+7).
   Slay+4:    It affects your accuracy & damage with ranged weapons and melee
   (+4).
   rF-:       It makes you vulnerable to fire.
   rCorr:     It protects you from acid and corrosion.
Wands
 i - a wand of acid (4)
 j - a wand of iceblast (4)
 l - a wand of polymorph (13)
Scrolls
 g - 4 scrolls of blinking
 k - 3 scrolls of fog
Potions
 b - 3 potions of magic
 c - a potion of curing
 d - 4 potions of heal wounds
 e - 4 potions of haste
 f - a potion of berserk rage
 h - a potion of resistance


   Skills:
 + Level 4.3 Dodging
 + Level 4.0 Stealth
 + Level 6.3 Spellcasting
 + Level 1.5 Transmutations
 + Level 9.3 Earth Magic
 + Level 1.0 Evocations


You had 16 spell levels left.
You knew the following spells:

 Your Spells              Type           Power      Damage    Failure   Level
a - Sandblast             Erth           64%        2d14      1%          1

Your spell library contained the following spells:

 Spells                   Type           Power      Damage    Failure   Level
 Passwall                 Tmut/Erth      17%        N/A       1%          2
 Stone Arrow              Conj/Erth      36%        3d9       2%          3
 Petrify                  Tmut/Erth      21%        N/A       6%          4


Dungeon Overview and Level Annotations

Branches:
Dungeon (1/1)

Altars:
Cheibriados
Dithmenos
Fedhas
Gozag
Kikubaaqudgha
Makhleb
Okawaru
Qazlal
Ru
Sif Muna
Trog
Uskayaw
Vehumet
Wu Jian
Xom
Yredelemnul
Lugonu

Shops:
D *[=??*?*:[((!!!!

Annotations:
D Edmund


Innate Abilities, Weirdness & Mutations

You are partially covered in yellow scales. (AC +2)
You sometimes gain a little power by taking damage.
Your touch may inflict minor irresistible damage on your foes.


Message History

There is a hide-covered altar of Uskayaw here.
Get ready!
There is an entrance to Utoas's Staff Store here.
There is an entrance to Fintir's Must-Have Magic here.
ROUND 3!
FIGHT!
You sense a tension in the north.
A troll comes into view.
Aiming: Sandblast (safe; 1% risk of failure)
Press: ? - help, Q - select action, (/) - cycle Shift-Dir - straight line, f - troll
Aim: a troll (translocational energy, wandering, hasn't noticed you, 84% to hit)
The blast of sand misses the troll.
The troll shouts!
Edmund the Younger comes into view.
He is wielding a +3 flail of protection.
Aiming: Sandblast (safe; 1% risk of failure)
Press: ? - help, Q - select action, (/) - cycle Shift-Dir - straight line, f/p - troll
Aim: a troll (84% to hit)
The blast of sand hits the troll.
The troll is lightly wounded.
Edmund shouts!
The troll bites you but does no damage. The troll claws you.
The troll barely misses you.
Aiming: Sandblast (safe; 1% risk of failure)
Press: ? - help, Q - select action, (/) - cycle Shift-Dir - straight line, f/p - troll
Aim: a troll (lightly wounded, 84% to hit)
The blast of sand hits the troll!
The troll is moderately wounded.
The troll barely misses you. The troll misses you. The troll claws you!
Unknown command.
Aiming: Sandblast (safe; 1% risk of failure)
Press: ? - help, Q - select action, (/) - cycle Shift-Dir - straight line, f/p - troll
Aim: a troll (moderately wounded, 84% to hit)
The blast of sand hits the troll!
The troll is heavily wounded.
The troll bites you!
* * * LOW HITPOINT WARNING * * *
You focus on the pain.
You feel your power returning. The troll claws you!
* * * LOW HITPOINT WARNING * * *
The troll claws you.
You die...
Your body crumbles into a pile of gold.

##### ##⌠⌠§## #.....#
##....T## ##∩....@∩##
#∩.......∩# #_......._#
#_......@_# #_......._#
###.........###
#⌠...........§#
######.8.........8.######
##∩_....)...###.......__∩##


You could see Edmund and a troll.

Vanquished Creatures
  Sigmund (D)
  2 necrophages (D)
  Jessica (D)
  An adder (D)
  An adder skeleton (D)
  A bat skeleton (D)
  A bat zombie (D)
  An endoplasm (D)
  A goblin (D)
  A hobgoblin (D)
  A ball python skeleton (D)
12 creatures vanquished.

Notes
Turn   | Place    | Note
-------+----------+-------------------------------------------
     0 | D        | rocky1 the Demonspawn Earth Elementalist began the quest
                  | for the Orb.
     0 | D        | Reached XP level 1. HP: 13/13 MP: 3/3
     4 | D        | Found a blossoming altar of Fedhas.
     5 | D        | Found a shimmering blue altar of Sif Muna.
     5 | D        | Found a stormy altar of Qazlal.
     5 | D        | Round 1.
     6 | D        | Found an ancient bone altar of Kikubaaqudgha.
     6 | D        | Found a shimmering altar of Xom.
     7 | D        | Found Atte Riv's Distillery.
     7 | D        | Found a corrupted altar of Lugonu.
     7 | D        | Found a snail-covered altar of Cheibriados.
     7 | D        | Found Ykhleoq's Do-It-Yourself Clinic.
     8 | D        | Found a hide-covered altar of Uskayaw.
     9 | D        | Found Utoas's Staff Store.
    12 | D        | Found Puyno's Distillery.
    12 | D        | Found Omnin's Bottled Wisdom.
    16 | D        | Found an ornate altar of the Wu Jian Council.
    19 | D        | Found Retrust's Weapon Rack.
    20 | D        | Found a bloodstained altar of Trog.
    20 | D        | Found a shadowy altar of Dithmenos.
    20 | D        | Found Dichyahets's Premium Goods.
    22 | D        | Found Mirad's Basic Armour.
    22 | D        | Found Onna's Miscellaneous Merchandise.
    26 | D        | Found a basalt altar of Yredelemnul.
    28 | D        | Found an opulent altar of Gozag.
    30 | D        | Noticed Sigmund
    31 | D        | Found Gices's Identification Station.
    33 | D        | Reached skill level 3 in Earth Magic
    33 | D        | Killed Sigmund
    34 | D        | Reached skill level 5 in Spellcasting
    34 | D        | Reached skill level 1 in Transmutations
    34 | D        | Reached skill level 7 in Earth Magic
    34 | D        | Gained mutation: Your touch may inflict minor irresistible
                  | damage on your foes. [demonic ancestry]
    34 | D        | Reached XP level 2. HP: 19/19 MP: 4/8
    34 | D        | Reached XP level 3. HP: 24/24 MP: 4/9
    34 | D        | Reached XP level 4. HP: 30/30 MP: 4/11
    34 | D        | Gained mutation: You sometimes gain a little power by
                  | taking damage. [demonic ancestry]
    34 | D        | Reached XP level 5. HP: 35/35 MP: 4/12
    34 | D        | Found Cinauvaf's Advanced Armour.
    34 | D        | Found Suopt's Jewellery.
    40 | D        | Became a worshipper of Gozag Ym Sagoz the Greedy
    41 | D        | Found a radiant altar of Vehumet.
    41 | D        | Found Geliu's Timeless Talismans.
    63 | D        | Found a burning altar of Makhleb.
    64 | D        | Found an iron altar of Okawaru.
    65 | D        | Found a sacrificial altar of Ru.
    70 | D        | Found Azxesoth's Magic Scroll Shop.
    73 | D        | Found Ygealutu's Magic Scroll Shop.
    73 | D        | Found Fintir's Must-Have Magic.
    76 | D        | Noticed Jessica
    87 | D        | Killed Jessica
    88 | D        | Reached skill level 8 in Earth Magic
    88 | D        | Arena points: 14 (+14) [x2]
   145 | D        | Bought a steaming golden amulet for 45 gold pieces
   145 | D        | Identified the amulet of Wipufeu {Spirit Regen+ MP+9
                  | Slay+2} (You bought it in a shop in the Dungeon)
   145 | D        | Bought a shimmering silver amulet for 45 gold pieces
   145 | D        | Identified the amulet of Eternity {Faith Drain rElec rC+
                  | Will+} (You bought it in a shop in the Dungeon)
   145 | D        | Bought a heavily runed ivory amulet for 45 gold pieces
   145 | D        | Identified the amulet "Ajuxu" {RegenMP rN+} (You bought it
                  | in a shop in the Dungeon)
   145 | D        | Bought a bound crystal amulet for 45 gold pieces
   145 | D        | Identified the amulet of Istodeme {Spirit -Tele rPois rC+
                  | Stlth+} (You bought it in a shop in the Dungeon)
   148 | D        | Round 2.
   153 | D        | Bought a coiled steel ring for 45 gold pieces
   153 | D        | Identified the ring "Guskacut" {rElec rN+++ MP-9 EV+5 Str-5
                  | Stlth+} (You bought it in a shop in the Dungeon)
   153 | D        | Bought a brightly glowing marble ring for 45 gold pieces
   153 | D        | Identified the ring of Hexaegoe {rElec rN+ Will+ Str+3
                  | Int-3} (You bought it in a shop in the Dungeon)
   153 | D        | Bought a faintly glowing granite ring for 45 gold pieces
   153 | D        | Identified the ring of the Furies {Wiz Contam rF+ rC+} (You
                  | bought it in a shop in the Dungeon)
   153 | D        | Bought a pitted jade ring for 45 gold pieces
   153 | D        | Identified the ring "Deasois" {rF- rCorr Int-2 Dex+7
                  | Slay+4} (You bought it in a shop in the Dungeon)
   219 | D        | Reached skill level 9 in Earth Magic
   219 | D        | Reached skill level 1 in Evocations
   219 | D        | Gained mutation: You are partially covered in yellow
                  | scales. (AC +2) [demonic ancestry]
   219 | D        | Reached XP level 6. HP: 41/41 MP: 13/15
   267 | D        | Arena points: 56 (+42) [x3]
   334 | D        | Round 3.
   335 | D        | Noticed a troll
   335 | D        | Noticed Edmund
   338 | D        | HP: 2/41 [troll (7)]
   338 | D        | Slain by a troll

Illustrated notes

Levels and vault maps discovered:
D:        arena_sprint

Skill      XL: |  1  2  3  4  5 |
---------------+----------------+-----
Earth Magic    | 7 9 |  9.3
Dodging        | 3 4 |  4.3
Stealth        | 3 4 |  4.0
Spellcasting   | 5 6 |  6.3
Transmutations | 1 |  1.5
Evocations     | 1 |  1.0

Action                     |  1- 3 |  4- 6 || total
---------------------------+-------+-------++-------
   Cast: Sandblast         |       |    21 ||    21
  Evoke: Wand              |     2 |       ||     2
 Armour: Robe              |       |     2 ||     2
  Dodge: Dodged            |     1 |     5 ||     6

Table legend: (Time is in decaauts)
 A = Elapsed time spent in this place.
 B = Non-inter-level travel time spent in this place.
 C = Inter-level travel time spent in this place.
 D = Time resting spent in this place.
 E = Time spent auto-exploring this place.
 F = Levels seen in this place.
 G = Mean time per level.
                   A        B        C        D        E       F      G
               +--------+--------+--------+--------+--------+-----+--------+
         Total |    347 |    347 |      0 |     68 |     65 |   1 |  347.0 |
       Dungeon |    347 |    347 |      0 |     68 |     65 |   1 |  347.0 |
               +--------+--------+--------+--------+--------+-----+--------+

Top non-repeatable levels by time:
       D: 347 daAuts
